 Dungeon Crawl Stone Soup version 0.21-a0-531-gacddea6 (webtiles) character file.

13400 Gerstahl the Fighter (level 11, -5/90 HPs)
             Began as a Demonspawn Gladiator on Dec 12, 2017.
             Was a Follower of Ashenzari.
             Killed from afar by a gargoyle (10 damage)
             ... with a stone arrow
             ... on level 11 of the Dungeon.
             The game lasted 00:25:17 (14195 turns).

Gerstahl the Fighter (Demonspawn Gladiator)        Turns: 14195, Time: 00:25:19

Health: -5/90      AC:  9    Str: 15    XL:     11   Next: 75%
Magic:  11/11      EV: 16    Int:  9    God:    Ashenzari [*.....]
Gold:   552        SH:  6    Dex: 16    Spells: 10/10 levels left

rFire    . . .     SeeInvis .   a - +0 long sword
rCold    + . .     Gourm    .   (no shield)
rNeg     . . .     Faith    .   h - +1 ring mail {rC+}
rPois    .         Spirit   .   (helmet unavailable)
rElec    .         Reflect  +   r - +0 cloak
rCorr    .         Harm     .   (no gloves)
MR       +....                  (no boots)
Stlth    +.........             e - +6 amulet of reflection
HPRegen  0.00/turn              i - ring of protection from magic
MPRegen  0.12/turn              (no ring)

@: no status effects
A: claws 1, hooves 1, horns 3, clumsy 1, demonic guardian 1, inhibited
regeneration, spiny 2
a: Curse Item, Scrying, Renounce Religion


You were on level 11 of the Dungeon.
You worshipped Ashenzari.
Ashenzari was aware of your devotion.
You were not hungry.

You visited 2 branches of the dungeon, and saw 12 of its levels.
You also visited: Ossuary.

You collected 552 gold pieces.

Inventory:

Hand Weapons
 a - a +0 long sword (weapon)
Missiles
 C - a throwing net (quivered)
Armour
 h - a +1 ring mail of cold resistance (worn)
 l - a +2 animal skin
 r - a +0 cloak (worn)
 s - the +4 chain mail "Koexecli" {Str+4 Int+3}
   (You found it on level 7 of the Dungeon)

   It affects your strength (+4).
   It affects your intelligence (+3).
 R - a +0 troll leather armour
Jewellery
 c - an uncursed amulet of the gourmand
 e - a +6 amulet of reflection (around neck)
 i - a ring of protection from magic (left claw)
 P - an uncursed ring of wizardry
Wands
 n - a wand of polymorph (7)
 u - a wand of disintegration (19)
 y - a wand of paralysis (41)
 K - a wand of enslavement (7)
 Q - a wand of iceblast (8)
 S - a wand of flame (27)
Scrolls
 b - a scroll of acquirement {unknown}
 g - 4 scrolls of fog
 m - a scroll of immolation {unknown}
 p - 7 scrolls of identify
 q - 4 scrolls of teleportation
 t - a scroll of magic mapping {unknown}
 B - 2 scrolls of blinking {unknown}
 E - a scroll of noise {unknown}
 F - a scroll of enchant weapon {unknown}
 G - 2 scrolls of brand weapon {unknown}
Potions
 j - a potion of heal wounds
 o - a potion of cancellation {unknown}
 w - 2 potions of agility
 x - 2 potions of brilliance {unknown}
 z - 2 potions of degeneration {unknown}
 A - 3 potions of haste
 D - 2 potions of curing
 J - a potion of might
 M - a potion of flight {unknown}
 N - a potion of resistance {unknown}
 O - a potion of magic {unknown}
Books
 v - a book of Cantrips

   Spells                             Type                      Level
   a - Confusing Touch                Hexes                        1
   b - Animate Skeleton               Necromancy                   1
   c - Summon Small Mammal            Summoning                    1
   d - Apportation                    Translocation                1
 H - a book of Callings

   Spells                             Type                      Level
   a - Summon Small Mammal            Summoning                    1
   b - Call Imp                       Summoning                    2
   c - Call Canine Familiar           Summoning                    3
   d - Summon Guardian Golem          Hexes/Summoning              3
   e - Summon Lightning Spire         Summoning/Air                4
   f - Summon Ice Beast               Ice/Summoning                4
Comestibles
 d - 5 meat rations
 f - 8 bread rations
 k - 4 fruits
 I - 3 royal jellies


   Skills:
 - Level 10.0 Fighting
 - Level 10.0 Long Blades
 - Level 1.7 Throwing
 + Level 8.2 Armour
 + Level 8.8 Dodging


You had 10 spell levels left.
You didn't know any spells.

Dungeon Overview and Level Annotations

Branches:
Dungeon (11/15)            Temple (1/1) D:5            Lair (0/6) D:8
    Orc (0/2) D:11

Altars:
Ashenzari
Cheibriados
Dithmenos
Elyvilon
Fedhas
Gozag
Hepliaklqana
Kikubaaqudgha
Makhleb
Nemelex Xobeh
Okawaru
Qazlal
Ru
Sif Muna
Trog
Uskayaw
Vehumet
Wu Jian
Xom
Yredelemnul
Zin
The Shining One

Annotations:
D:9 exclusion: statue


Innate Abilities, Weirdness & Mutations

You have sharp fingernails.
You have a pair of large horns on your head.
A weak demonic guardian rushes to your aid.
You are mostly covered in sharp spines.
You have large cloven feet.
You are clumsy. (Dex -2)
You do not regenerate when monsters are visible.


Message History

The gargoyle is almost destroyed.
You hit the gargoyle but do no damage. Your kick misses the gargoyle.
Your headbutt misses the gargoyle.
The gargoyle is almost destroyed.
The gargoyle hits you with a mace of protection!
* * * LOW HITPOINT WARNING * * *
You completely miss the gargoyle.
The gargoyle is almost destroyed.
The gargoyle hits you but does no damage.
You feel much better.
The gargoyle hurls a stone arrow at you.
The stone arrow hits you!
* * * LOW HITPOINT WARNING * * *
You hit the gargoyle but do no damage.
You kick the gargoyle, but do no damage.
You headbutt the gargoyle, but do no damage.
The gargoyle is almost destroyed.
The gargoyle hurls a stone arrow at you.
The stone arrow hits you!
You die...

........#
........#.......
........#.......#
...##...#.......#
...##...#.......#
...##...#.......#
....#...#.......#
........+.......########
........#....)).@9......
........#.......##......
........######'###......
........'...............
........#.......########
........#.......#
#######†#.......# #
#.#.......# ..#.......#


You could see a gargoyle.

Vanquished Creatures
  A two-headed ogre (D:9)
  Pikel (D:8)
  Maurice (D:8)
  A komodo dragon (D:10)
  A troll (D:10)
  4 hippogriffs
  Sigmund (D:3)
  15 yaks
  A human (D:7)
  3 hungry ghosts
  2 steam dragons
  3 wargs (D:8)
  Duvessa (D:6)
  A water moccasin (D:3)
  7 orc warriors
  A sky beast (D:11)
  2 phantoms
  2 hornet zombies
  4 ogres
  4 centaurs
  Blork the orc (D:6)
  A big kobold (D:11)
  A wyvern zombie (D:8)
  3 elf skeletons (D:8)
  7 bullfrogs
  A water moccasin skeleton (D:8)
  5 water moccasin zombies
  6 scorpions
  9 killer bees
  An electric eel (D:10)
  A wight (D:11)
  A howler monkey (D:6)
  4 crimson imps
  A centaur skeleton (D:11)
  3 jellies
  A human zombie (D:8)
  8 orc priests
  5 hounds
  Crazy Yiuf (D:2)
  A bullfrog skeleton (D:11)
  A human skeleton (D:8)
  3 worker ants
  Terence (D:3)
  Natasha (thrice) (D:3)
  3 iguanas
  13 orc wizards
  3 big kobold zombies (Ossuary)
  A hound skeleton (D:4)
  2 mummies (Ossuary)
  2 worker ant zombies (D:8)
  Robin (D:3)
  3 gnolls (D:2)
  2 howler monkey skeletons
  21 adders
  2 river rats (D:3)
  2 shadow imps
  A white imp (D:4)
  2 oozes
  6 adder zombies
  An adder skeleton (D:6)
  7 worms
  2 dart slugs
  5 leopard geckos
  30 orcs
  8 giant cockroaches
  3 gnoll zombies (Ossuary)
  20 goblins
  8 hobgoblins
  13 kobolds
  6 quokkas
  2 ball pythons
  9 bats
  6 frilled lizards
  4 hobgoblin zombies (Ossuary)
  6 kobold zombies (Ossuary)
  A leopard gecko zombie (D:5)
  An orc skeleton (D:8)
  8 orc zombies (Ossuary)
  2 quokka zombies
  8 rats
339 creatures vanquished.

Vanquished Creatures (collateral kills)
  A two-headed ogre (D:8)
  3 hogs (D:7)
  4 yaks (D:10)
  2 wyverns
  A centaur (D:6)
  A crocodile (D:10)
  Dowan (D:6)
  A bullfrog zombie (D:6)
  2 orc priests
  An orc wizard (D:11)
  An adder (D:6)
  An orc (D:10)
19 creatures vanquished.

Vanquished Creatures (others)
  4 slaves
  A crimson imp (D:8)
  An adder (D:10)
  3 orcs
9 creatures vanquished.

Grand Total: 367 creatures vanquished

Notes
Turn   | Place    | Note
-------+----------+-------------------------------------------
     0 | D:1      | Gerstahl the Demonspawn Gladiator began the quest for the Orb.
     0 | D:1      | Reached XP level 1. HP: 16/16 MP: 1/1
   159 | D:1      | Gained mutation: You have sharp fingernails. [demonic ancestry]
   159 | D:1      | Reached XP level 2. HP: 13/23 MP: 2/2
   660 | D:1      | Gained mutation: You are partially covered in sharp spines. [demonic ancestry]
   660 | D:1      | Reached XP level 3. HP: 28/28 MP: 3/3
   900 | D:2      | Found a deep blue altar of Sif Muna.
  1070 | D:2      | Found an ancient bone altar of Kikubaaqudgha.
  1071 | D:2      | Found a bloodstained altar of Trog.
  1131 | D:2      | Found a faded altar of an unknown god.
  1242 | D:2      | Reached XP level 4. HP: 24/35 MP: 4/4
  1409 | D:2      | Found a sacrificial altar of Ru.
  1655 | D:2      | Found a runed door.
  2029 | D:2      | Noticed Crazy Yiuf
  2033 | D:2      | Gained mutation: You tend to lose your temper in combat. [potion of mutation]
  2033 | D:2      | Gained mutation: You are occasionally teleported next to monsters. [potion of mutation]
  2033 | D:2      | Gained mutation: You have an increased reservoir of magic. (+10% MP) [potion of mutation]
  2033 | D:2      | Lost mutation: You tend to lose your temper in combat. [potion of mutation]
  2039 | D:2      | Killed Crazy Yiuf
  2039 | D:2      | Gained mutation: You are mostly covered in sharp spines. [demonic ancestry]
  2039 | D:2      | Reached XP level 5. HP: 29/42 MP: 5/5
  2247 | D:2      | Lost mutation: You are occasionally teleported next to monsters. [potion of mutation]
  2247 | D:2      | Lost mutation: You have an increased reservoir of magic. (+10% MP) [potion of mutation]
  2247 | D:2      | Gained mutation: Armour fits poorly on your strangely shaped body. [potion of mutation]
  2247 | D:2      | Gained mutation: Your mind is acute. (Int +2) [potion of mutation]
  2247 | D:2      | Gained mutation: You have large cloven feet. [potion of mutation]
  2266 | D:3      | Noticed Robin
  2272 | D:3      | Noticed Sigmund
  2281 | D:3      | Noticed Natasha
  2307 | D:3      | Killed Natasha
  2402 | D:3      | Noticed Natasha
  2406 | D:3      | Killed Natasha
  2423 | D:3      | Noticed Natasha
  2446 | D:3      | Killed Natasha
  2696 | D:3      | Killed Robin
  2696 | D:3      | Reached XP level 6. HP: 19/49 MP: 6/6
  3032 | D:3      | Killed Sigmund
  3032 | D:3      | Reached skill level 5 in Fighting
  3032 | D:3      | Reached skill level 5 in Long Blades
  3120 | D:3      | Noticed a water moccasin
  3130 | D:3      | Killed a water moccasin
  3130 | D:3      | Reached XP level 7. HP: 12/56 MP: 7/7
  3386 | D:3      | Noticed Terence
  3391 | D:3      | Killed Terence
  3593 | D:3      | Found a glowing silver altar of Zin.
  4282 | D:4      | Noticed Grinder
  4287 | D:4      | Noticed Grinder
  4287 | D:4      | Grinder changed into Grinder the white imp
  4290 | D:4      | Killed Grinder the white imp
  4902 | D:4      | Found a blossoming altar of Fedhas.
  5053 | D:4      | Gained mutation: A weak demonic guardian rushes to your aid. [demonic ancestry]
  5053 | D:4      | Reached XP level 8. HP: 65/65 MP: 8/8
  5394 | D:5      | Entered Level 5 of the Dungeon
  5419 | D:5      | Lost mutation: Your mind is acute. (Int +2) [potion of mutation]
  5419 | D:5      | Lost mutation: Armour fits poorly on your strangely shaped body. [potion of mutation]
  5419 | D:5      | Lost mutation: You have large cloven feet. [potion of mutation]
  5419 | D:5      | Gained mutation: You do not regenerate when monsters are visible. [potion of mutation]
  5419 | D:5      | Gained mutation: You are clumsy. (Dex -2) [potion of mutation]
  5419 | D:5      | Gained mutation: You have large cloven feet. [potion of mutation]
  5539 | D:5      | Found a staircase to the Ecumenical Temple.
  5564 | D:5      | Reached skill level 1 in Armour
  5571 | Temple   | Entered the Ecumenical Temple
  5637 | Temple   | Became a worshipper of Ashenzari the Shackled
  5672 | D:5      | Found a white marble altar of Elyvilon.
  5776 | D:5      | Found a sparkling altar of Nemelex Xobeh.
  5875 | D:5      | Found a snail-covered altar of Cheibriados.
  6304 | D:6      | Noticed Duvessa
  6304 | D:6      | Noticed Dowan
  6310 | D:6      | Killed Duvessa
  6321 | D:6      | Killed Dowan
  6494 | D:6      | Noticed Blork the orc
  6503 | D:6      | Killed Blork the orc
  6646 | D:6      | Gained mutation: You have a pair of small horns on your head. [demonic ancestry]
  6646 | D:6      | Reached XP level 9. HP: 74/74 MP: 9/9
  6680 | D:6      | Found a deep blue altar of Sif Muna.
  6889 | D:6      | Found an opulent altar of Gozag.
  7669 | D:7      | Found a shadowy altar of Dithmenos.
  8021 | D:7      | Reached skill level 5 in Dodging
  8079 | D:7      | Identified the +4 chain mail "Koexecli" {Str+4 Int+3}
  9119 | D:8      | Noticed Pikel
  9127 | D:8      | Killed Pikel
  9127 | D:8      | Gained mutation: You have a pair of horns on your head. [demonic ancestry]
  9127 | D:8      | Reached XP level 10. HP: 58/83 MP: 10/10
  9178 | D:8      | Reached skill level 5 in Armour
  9517 | D:8      | Found a shattered altar of Ashenzari.
  9517 | D:8      | Found a sparkling altar of Nemelex Xobeh.
  9544 | D:8      | Found a sand-covered staircase.
  9556 | Ossuary  | Entered an ossuary
 10043 | D:8      | Found a staircase to the Lair.
 10046 | D:8      | Noticed Maurice
 10119 | D:8      | Killed Maurice
 10492 | D:8      | Reached * piety under Ashenzari
 10510 | D:8      | Noticed a two-headed ogre
 10521 | D:8      | Killed a two-headed ogre
 11465 | D:9      | Found a radiant altar of Vehumet.
 11875 | D:9      | Noticed a two-headed ogre
 11877 | D:9      | Gained mutation: You have a pair of large horns on your head. [demonic ancestry]
 11877 | D:9      | Reached XP level 11. HP: 82/90 MP: 11/11
 11885 | D:9      | Killed a two-headed ogre
 11885 | D:9      | Reached skill level 10 in Fighting
 12143 | D:10     | Entered Level 10 of the Dungeon
 12397 | D:10     | Found a stormy altar of Qazlal.
 13033 | D:10     | Reached skill level 10 in Long Blades
 13887 | D:11     | Found a staircase to the Orcish Mines.
 14195 | D:11     | Killed from afar by a gargoyle

Vault maps used:
D:1:      sevenhm_arrival_forest_fort_small_3
D:2:      overflow_temple_1_default, old_standard_altar,
          kiku_gazebo_pond_becter, chequers_ecumenical_altar_island,
          minmay_parallelograms, hangedman_decor_diamond_cutter,
          nicolae_ru_awakened_eye, uniq_crazy_yiuf_cottage
D:3:      lightli_sewer_entry_pipes, lemuel_statue_altar, uniq_natasha,
          uniq_robin, uniq_sigmund, uniq_terence
D:4:      fedhas_altar_4, uniq_grinder
D:5:      elyvilon_altar_5, cheibrodos_worm_habitat, minmay_temple_entry_grid,
          first_bread, grunt_ministairs_3, nemelex_spade_bored_becter
D:6:      nicolae_gozag_seed_capital, tgw_sif, uniq_blork_the_orc, uniq_duvessa
D:7:      grunt_dithmenos_smoke, grunt_livestock
D:8:      nemelex_xobeh_ov_fountains_minmay, erik_lair_orcish_takeover,
          nicolae_ossuary_entry_catacombs, ashenzari_altar_1, uniq_maurice,
          uniq_pikel
D:9:      vehumet_statue
D:10:     argonaut_augean_stables, basic_altar
D:11:     david_orc_3
Temple:   nicolae_temple_x_marks_the_god
Ossuary:  ossuary_tomb_2

Skill      XL: |  1  2  3  4  5  6  7  8  9 10 11 |
---------------+----------------------------------+-----
Long Blades    | 3 4 5 6 7 8 9 10 | 10.0
Fighting       | 3 4 5 6 7 9 10 | 10.0
Dodging        | 4 5 7 8 |  8.8
Armour         | 2 4 6 8 |  8.2
Throwing       | |  1.7

Action                   |  1- 3 |  4- 6 |  7- 9 | 10-12 || total
-------------------------+-------+-------+-------+-------++-------
Melee: Long sword        |   101 |    77 |   334 |   478 ||   990
       Unarmed           |       |    18 |       |       ||    18
       Kick              |       |    17 |   125 |   185 ||   327
       Headbutt          |       |       |    23 |   146 ||   169
Throw: Throwing net      |     3 |     5 |     1 |       ||     9
Invok: Curse Item        |       |       |     1 |     1 ||     2
Evoke: Wand              |       |       |     9 |       ||     9
  Use: Potion            |     1 |     5 |     1 |     4 ||    11
       Scroll            |       |     4 |       |     2 ||     6
 Stab: Sleeping          |     2 |       |       |     1 ||     3
       Confused          |       |     1 |       |       ||     1
       Held in net/web   |       |     1 |       |       ||     1
       Paralysed         |       |       |     7 |       ||     7
       Distracted        |       |       |       |     2 ||     2
  Eat: Chunk             |     1 |     6 |    13 |    15 ||    35
       Royal jelly       |       |       |     2 |     2 ||     4
       Fruit             |       |       |     3 |     1 ||     4
Armor: Leather armour    |    40 |    11 |       |       ||    51
       Animal skin       |       |       |    50 |     8 ||    58
       Chain mail        |       |       |       |    26 ||    26
       Ring mail         |       |       |       |    57 ||    57
Dodge: Dodged            |    94 |    51 |   171 |   231 ||   547
Block: Other             |     9 |    18 |    99 |   114 ||   240
       Reflection        |       |     1 |     3 |     4 ||     8
       Rpst.: Long sword |    25 |    17 |    51 |    82 ||   175

Table legend:
 A = Spawn XP
 B = Non-spawn XP
 C = Spawn XP percentage of total XP
 D = Spawn monster count
 E = Non-spawn monster count
 F = Spawn count percentage of total count
 G = Total turns spent on level
                    A         B        C        D         E        F      G
               +---------+---------+-------+---------+---------+-------+---------
         Total |       0 |   19143 |   0.0 |       0 |     359 |   0.0 | 14195
               +---------+---------+-------+---------+---------+-------+---------
           D:1 |       0 |      56 |   0.0 |       0 |      33 |   0.0 |   981
           D:2 |       0 |     141 |   0.0 |       0 |      22 |   0.0 |  1284
           D:3 |       0 |     809 |   0.0 |       0 |      51 |   0.0 |  2008
           D:4 |       0 |     534 |   0.0 |       0 |      22 |   0.0 |  1121
           D:5 |       0 |     431 |   0.0 |       0 |      11 |   0.0 |   615
           D:6 |       0 |    1324 |   0.0 |       0 |      25 |   0.0 |  1682
           D:7 |       0 |    2013 |   0.0 |       0 |      28 |   0.0 |  1656
           D:8 |       0 |    3958 |   0.0 |       0 |      35 |   0.0 |  1270
           D:9 |       0 |    2189 |   0.0 |       0 |      21 |   0.0 |  1075
          D:10 |       0 |    5559 |   0.0 |       0 |      42 |   0.0 |  1475
          D:11 |       0 |    1735 |   0.0 |       0 |      35 |   0.0 |   577
       Ossuary |       0 |     394 |   0.0 |       0 |      34 |   0.0 |   372
               +---------+---------+-------+---------+---------+-------+---------
